 Dungeon Sprint DCSS version 0.27.1-2-g3b301248ec (webtiles) character file.

Game seed: 9744268704749920944

0 HeadfulHorsecorpse the Firebug (level 1, 0/14 HPs)
             Began as a Draconian Fire Elementalist on Sept 28, 2021.
             Slain by Ijyb (1 damage)
             ... in the Dungeon (Sprint I: "Red Sonja").
             The game lasted 00:02:35 (22 turns).

HeadfulHorsecorpse the Firebug (DrFE)                 Turns: 22, Time: 00:02:35

Health: 0/14       AC:  4    Str: 10    XL:     1   Next: 0%
Magic:  0/3        EV: 12    Int: 15    God:
Gold:   0          SH:  0    Dex: 11    Spells: 3/4 levels left

rFire    . . .     SeeInvis .   (no weapon)
rCold    . . .     Faith    .   (no shield)
rNeg     . . .     Spirit   .   (armour unavailable)
rPois    .         Reflect  .   (helmet restricted)
rElec    .         Harm     .   (no cloak)
rCorr    .         Rampage  .   (no gloves)
Will     .....     NoTele   +   (no boots)
Stlth    ++........             (no amulet)
HPRegen  0.04/turn              (no ring)
MPRegen  0.08/turn              (no ring)

@: no status effects
A: AC +4, unfitting armour, cold-blooded
a: no special abilities


You were in the Dungeon.
You visited 1 branch

Inventory:

Scrolls
 f - a scroll of blinking
Potions
 a - a potion of curing
 b - a potion of heal wounds
 c - a potion of haste
 d - 2 potions of magic
 e - a potion of berserk rage


   Skills:
 + Level 1.7 Dodging
 - Level 1.7 Stealth
 + Level 2.0 Spellcasting
 + Level 1.0 Conjurations
 + Level 3.0 Fire Magic


You had 3 spell levels left.
You knew the following spells:

 Your Spells              Type           Power      Damage    Failure   Level
a - Foxfire               Conj/Fire      28%        2x1d5     10%         1

Your spell library contained the following spells:

 Spells                   Type           Power      Damage    Failure   Level
 Conjure Flame            Conj/Fire      7%         6-21      28%         3
 Inner Flame              Hex/Fire       6%         N/A       34%         3
 Sticky Flame             Conj/Fire      7%         2d3       67%         4
 Fireball                 Conj/Fire      3%         3d4       95%         5


Dungeon Overview and Level Annotations

Branches:
Dungeon (1/1)

Altars:

Annotations:
D Ijyb


Innate Abilities, Weirdness & Mutations

Your plain brown scales are hard. (AC +4)
You cannot fit into any form of body armour.
You are cold-blooded and may be slowed by cold attacks.


Message History

Your foxfire dissipates!
The foxfire hits Ijyb but does no damage. x4
Press: ? - help, v - describe, . - travel
Here: Ijyb, wielding a +0 dagger and wearing a +0 scale mail An open door.
You closely miss Ijyb. Ijyb barely misses you.
Ijyb is nearby!
You hit Ijyb but do no damage.
Ijyb screams, "Die!"
Ijyb closely misses you.
You closely miss Ijyb.
Your tail-slap misses Ijyb.
Ijyb closely misses you.
You closely miss Ijyb. Ijyb hits you with a +0 dagger.
You hit Ijyb but do no damage. Ijyb screams, "I cut your head off!"
Ijyb hits you with a +0 dagger.
You hit Ijyb but do no damage. Ijyb hits you but does no damage.
Ijyb screams, "Level is mine!
All mine!"
Ijyb barely misses you.
Casting: Foxfire (safe; 10% risk of failure)
Confirm with . or Enter, or press ? or * to list all spells.
You conjure some foxfire!
Ijyb hits you with a +0 dagger.
The foxfire hits Ijyb but does no damage. x2
You barely miss Ijyb. Ijyb closely misses you.
You hit Ijyb but do no damage. Ijyb hits you with a +0 dagger.
You closely miss Ijyb. Ijyb hits you with a +0 dagger.
* * * LOW HITPOINT WARNING * * *
Press: ? - help, v - describe, . - travel
Here: Ijyb, wielding a +0 dagger and wearing a +0 scale mail The floor.
You hit Ijyb.
Ijyb is lightly wounded.
Ijyb hits you with a +0 dagger.
* * * LOW HITPOINT WARNING * * *
You hit Ijyb but do no damage.
Your tail-slap misses Ijyb.
Ijyb is lightly wounded.
Ijyb hits you but does no damage.
You barely miss Ijyb.
Ijyb is lightly wounded.
Ijyb hits you with a +0 dagger.
You die...

#######
#<.#..+
#..'..#
#..####
#..#
#g.#
#@.#
#⌠⌠#
####


You could see Ijyb.

Vanquished Creatures (others)
  8 foxfires (D)
8 creatures vanquished.

Notes
Turn   | Place    | Note
-------+----------+-------------------------------------------
     0 | D        | HeadfulHorsecorpse the Draconian Fire Elementalist began
                  | the quest for the Orb.
     0 | D        | Reached XP level 1. HP: 14/14 MP: 3/3
     4 | D        | Noticed Ijyb
    22 | D        | Slain by Ijyb

Illustrated notes

Levels and vault maps discovered:
D:        dungeon_sprint_1 [red_sonja_temple_1, red_sonja_temple_small_1]

Action                   || total
-------------------------++-------
Melee: Unarmed           ||    12
 Cast: Foxfire           ||     4
Armor: Skin              ||     2
Dodge: Dodged            ||     5
